 Dungeon Crawl Stone Soup version 0.31.0-12-g77e489cdc1 (webtiles) character file.

Game seed: 12066920274317269752

21812 Baz the Protected (level 12, -3/112 HPs)
             Began as a Minotaur Fighter on Feb 23, 2024.
             Was a High Priest of the Shining One.
             Slain by a komodo dragon (8 damage)
             ... on level 2 of the Lair of Beasts.
             The game lasted 00:18:15 (13491 turns).

Baz the Protected (Minotaur Fighter)               Turns: 13491, Time: 00:18:16

Health: -3/112     AC: 21    Str: 22    XL:     12   Next: 57%
Magic:  14/17      EV:  9    Int:  5    God:    the Shining One [*****.]
Gold:   687        SH: 16    Dex: 14    Spells: 11/11 levels left

rFire   . . .        L - +2 scimitar (freeze)
rCold   . . .        c - +0 buckler
rNeg    + + .        b - +0 scale mail
rPois   .            (helmet restricted)
rElec   .            u - +2 cloak
rCorr   .            f - +1 pair of gloves
SInv    .            q - +0 pair of boots
Will    +....        (no amulet) Stlth
                     g - +4 ring of protection
HPRegen 0.38/turn    r - ring of willpower
MPRegen 0.15/turn

%: no passive effects
@: divinely shielded, glowing
A: horns 2, retaliatory headbutt
a: Renounce Religion, Divine Shield, Cleansing Flame, Summon Divine Warrior


You were on level 2 of the Lair of Beasts.
You worshipped the Shining One.
The Shining One was extremely pleased with you.
You visited 2 branches of the dungeon, and saw 14 of its levels.
You also visited: Bailey.

You collected 837 gold pieces.
You spent 150 gold pieces at shops.

Inventory:

Hand Weapons
 a - a +0 long sword
 v - a +2 falchion of holy wrath
 L - a +2 scimitar of freezing (weapon)
Missiles
 h - 3 throwing nets (quivered)
Armour
 b - a +0 scale mail (worn)
 c - a +0 buckler (worn)
 f - a +1 pair of gloves (worn)
 q - a +0 pair of boots (worn)
 u - a +2 cloak (worn)
Jewellery
 g - a +4 ring of protection (left hand)
 r - a ring of willpower (right hand)
 s - a ring of wizardry
 z - a ring of ice
 E - an amulet of faith
 H - a ring of flight
 R - a +6 ring of strength
 T - a ring of magical power
 W - a ring of positive energy
 X - a ring of protection from cold
Wands
 x - a wand of flame (55)
 y - a wand of paralysis (17)
 G - a wand of iceblast (19)
 M - a wand of digging (2)
 Q - a wand of acid (6)
 U - a wand of polymorph (8)
Scrolls
 e - a scroll of brand weapon {unknown}
 j - 3 scrolls of immolation {unknown}
 k - 14 scrolls of identify
 l - 3 scrolls of revelation {unknown}
 n - 6 scrolls of teleportation
 A - 2 scrolls of butterflies {unknown}
 B - a scroll of fog {unknown}
 C - 4 scrolls of fear
 F - 2 scrolls of enchant armour {unknown}
 I - 4 scrolls of enchant weapon {unknown}
 K - a scroll of silence {unknown}
 O - 4 scrolls of blinking {unknown}
 P - a scroll of poison {unknown}
 S - 3 scrolls of amnesia {unknown}
Potions
 d - 5 potions of might
 i - 6 potions of curing
 m - a potion of attraction {unknown}
 o - 2 potions of lignification
 p - 5 potions of heal wounds {unknown}
 t - a potion of resistance {unknown}
 w - 2 potions of magic {unknown}
 D - a potion of berserk rage {unknown}
 J - 3 potions of mutation {unknown}
 N - 2 potions of degeneration {unknown}
 V - a potion of invisibility {unknown}
 Y - a potion of enlightenment {unknown}
 Z - a potion of haste {unknown}


   Skills:
 + Level 12.3 Fighting
 + Level 12.0 Long Blades
 + Level 12.3 Armour
 + Level 12.2 Shields
 + Level 8.3 Invocations


You had 11 spell levels left.
You didn't know any spells.
Your spell library contained the following spells:

 Spells                   Type           Power      Damage    Failure   Level
 Apportation              Tloc           0%         N/A       77%         1
 Necrotise                Necr           0%         1d4       77%         1
 Sandblast                Erth           0%         2d4       77%         1
 Shock                    Conj/Air       0%         1d3       77%         1
 Sting                    Conj/Alch      0%         1d3       77%         1
 Summon Small Mammal      Summ           0%         N/A       77%         1
 Call Imp                 Summ           0%         N/A       88%         2
 Sublimation of Blood     Necr           0%         N/A       88%         2
 Call Canine Familiar     Summ           0%         N/A       98%         3
 Passwall                 Erth           0%         N/A       98%         3
 Sigil of Binding         Hex            0%         N/A       98%         3
 Stone Arrow              Conj/Erth      0%         3d7       98%         3
 Swiftness                Air            0%         N/A       98%         3
 Tukima's Dance           Hex            0%         N/A       98%         3
 Airstrike                Air            0%         2d(0-16)  100%        4
 Brom's Barrelling Bould  Conj/Erth      0%         2d3       100%        4
 Dimensional Bullseye     Hex/Tloc       0%         N/A       100%        4
 Passage of Golubria      Tloc           0%         N/A       100%        4
 Silence                  Hex/Air        0%         N/A       100%        5
 Yara's Violent Unravell  Hex/Alch       0%         3d3       100%        5
 Summon Hydra             Summ           0%         N/A       100%        7
 Lehudib's Crystal Spear  Conj/Erth      0%         10d2      100%        8


Dungeon Overview and Level Annotations

Branches:
Dungeon (12/15)            Temple (0/1) D:6            Lair (1/5) D:11
    Orc (0/2) D:9          Bailey (visited)

Altars:
Ashenzari
Cheibriados
Hepliaklqana
Kikubaaqudgha
Nemelex Xobeh
Okawaru
Qazlal
Ru
Sif Muna
Trog
Uskayaw
Wu Jian
Xom
Yredelemnul
Zin
The Shining One

Shops:
D:2 ((=*(

Annotations:
D:3 3 runed translucent doors, kalagan's ghost, amateur DECj
D:11 2 transporters, Longtemps's ghost, journeyman OpSh


Innate Abilities, Weirdness & Mutations

You have a pair of horns on your head.
You reflexively headbutt those who attack you in melee.


Message History

You freeze the nine-headed hydra.
The nine-headed hydra is severely wounded.
The komodo dragon bites you but does no damage.
The nine-headed hydra bites you.
You block the nine-headed hydra's attack.
The nine-headed hydra bites you but does no damage.
You block the nine-headed hydra's attack.
The nine-headed hydra bites you. x2; The nine-headed hydra bites you!
* * * LOW HITPOINT WARNING * * *
The nine-headed hydra bites you.
* * * LOW HITPOINT WARNING * * *
The nine-headed hydra bites you but does no damage.
Unknown command.
You chop one of the nine-headed hydra's heads off!
The eight-headed hydra grows two more!
You hit the ten-headed hydra. You freeze the ten-headed hydra.
The ten-headed hydra is severely wounded.
You block the komodo dragon's attack.
Unknown command.
Unknown command.
Unknown command.
You hit the ten-headed hydra.
The ten-headed hydra seems to slow down.
You freeze the ten-headed hydra. You headbutt the ten-headed hydra!
The ten-headed hydra is almost dead.
The ten-headed hydra bites you.
* * * LOW HITPOINT WARNING * * *
The ten-headed hydra bites you.
* * * LOW HITPOINT WARNING * * *
The ten-headed hydra bites you but does no damage. x2
The ten-headed hydra bites you!
* * * LOW HITPOINT WARNING * * *
The ten-headed hydra closely misses you.
The ten-headed hydra bites you but does no damage.
The ten-headed hydra bites you!
* * * LOW HITPOINT WARNING * * *
You block the ten-headed hydra's attack.
The ten-headed hydra bites you but does no damage.
The komodo dragon bites you!
You die...

.............######....#
............#...#..#..P.#
.........................
................)........
.......................#.
........................#
......................#
...............D....#.#
..........@l.......
..................
####.P...####..##.
##...## ..# #...# .# #...
# ##.. #.


You could see a ten-headed hydra (slow, corroded) and a komodo dragon
(corroded).

Vanquished Creatures
  2 vault guards (Bailey)
  A boulder beetle (Lair:2)
  2 two-headed ogres
  3 skeletal warriors (D:12)
  Pikel (D:5)
  A deep elf pyromancer (D:12)
  A cyclops (D:11)
  A manticore (D:12)
  Maurice (D:7)
  An ugly thing (D:12)
  2 gargoyles (D:12)
  A cane toad (Lair:1)
  A komodo dragon (Lair:1)
  4 trolls
  Prince Ribbit (Bailey)
  3 slime creatures (D:12)
  4 shadows
  A basilisk (Lair:2)
  2 wraiths
  A vampire (D:11)
  22 yaks
  Eustachio (D:5)
  3 wyverns
  5 humans (Bailey)
  2 steam dragons (D:8)
  5 vampire mosquitoes
  3 acid dragons
  3 water moccasins
  6 orc warriors (D:9)
  5 black bears
  3 centaurs
  3 lemures (D:5)
  3 kobold brigands
  Blork the orc (D:5)
  18 bullfrogs
  5 scorpions
  5 wights (D:8)
  14 killer bees
  5 howler monkeys
  5 orc priests
  A jelly (D:6)
  2 gnoll boudas
  5 hounds
  3 iguanas
  5 orc wizards
  18 gnolls
  5 adders
  3 white imps
  2 ufetubi (D:7)
  3 ribbon worms
  3 dart slugs
  29 orcs
  9 endoplasms
  3 giant cockroaches
  16 goblins
  11 hobgoblins
  18 kobolds
  2 quokkas
  8 ball pythons
  5 bats
  A frilled lizard (D:3)
  5 rats
308 creatures vanquished.

Notes
Turn   | Place    | Note
-------+----------+-------------------------------------------
     0 | D:1      | Baz the Minotaur Fighter began the quest for the Orb.
     0 | D:1      | Reached XP level 1. HP: 19/19 MP: 0/0
    53 | D:1      | Found a faded altar of an unknown god.
    63 | D:1      | Prayed at the altar of an unknown god.
    63 | D:1      | Became a worshipper of the Shining One
    63 | D:1      | Reached * piety under the Shining One
   267 | D:1      | Reached XP level 2. HP: 27/27 MP: 1/1
   718 | D:2      | Reached XP level 3. HP: 33/33 MP: 2/2
   828 | D:2      | Reached XP level 4. HP: 36/41 MP: 3/3
   872 | D:2      | Found Medeuwuge's Antique Weapon Shop.
   982 | D:2      | Found Voulu's Jewellery Shop.
  1116 | D:2      | Found Wytzy's Weapon Emporium.
  1231 | D:2      | Found Bixzi's Assorted Antiques.
  1300 | D:2      | Found Utat's Weapon Shop.
  1436 | D:3      | You fall into a shaft and drop 2 floors!
  1436 | D:5      | Entered Level 5 of the Dungeon
  1455 | D:5      | Noticed a scorpion
  1463 | D:5      | Killed a scorpion
  1464 | D:5      | Reached XP level 5. HP: 45/47 MP: 4/4
  1478 | D:5      | Noticed Blork the orc
  1480 | D:5      | Reached ** piety under the Shining One
  1485 | D:5      | Killed Blork the orc
  1486 | D:5      | Reached skill level 5 in Fighting
  1486 | D:5      | Reached skill level 5 in Armour
  1502 | D:5      | Reached skill level 5 in Shields
  1507 | D:5      | Reached XP level 6. HP: 14/56 MP: 5/5
  1510 | D:5      | HP: 2/56 [gnoll/+0 flail (10)]
  1723 | D:4      | Found a hide-covered altar of Uskayaw.
  1724 | D:4      | Found a sparkling altar of Nemelex Xobeh.
  1726 | D:4      | Found an ancient bone altar of Kikubaaqudgha.
  1734 | D:4      | Found a snail-covered altar of Cheibriados.
  1877 | D:3      | Found a runed translucent gate.
  1879 | D:3      | Found a runed translucent gate.
  1880 | D:3      | Found a runed translucent gate.
  1882 | D:3      | Noticed kalagan's ghost (amateur DECj)
  2075 | D:3      | Found a basalt altar of Yredelemnul.
  2758 | D:4      | Found an iron altar of Okawaru.
  3118 | D:4      | Found a sacrificial altar of Ru.
  3350 | D:2      | Bought a runed falchion for 150 gold pieces
  3452 | D:5      | Reached skill level 5 in Long Blades
  3452 | D:5      | Reached XP level 7. HP: 62/62 MP: 6/6
  3818 | D:5      | Noticed Eustachio
  3850 | D:5      | Killed Eustachio
  4085 | D:5      | Noticed Pikel
  4096 | D:5      | Killed Pikel
  4097 | D:5      | Reached XP level 8. HP: 70/73 MP: 7/7
  4364 | D:6      | Reached *** piety under the Shining One
  4928 | D:6      | Found a staircase to the Ecumenical Temple.
  5156 | D:6      | Found a bloodstained altar of Trog.
  5225 | D:7      | Reached skill level 1 in Invocations
  5326 | D:7      | Found a shimmering blue altar of Sif Muna.
  5631 | D:7      | Reached XP level 9. HP: 81/81 MP: 9/9
  6061 | D:7      | Noticed Maurice
  6076 | D:7      | Maurice stole a ring of wizardry
  6095 | D:7      | Killed Maurice
  6469 | D:8      | Found a shimmering altar of Xom.
  6737 | D:8      | Reached **** piety under the Shining One
  7125 | D:8      | Found a flagged portal.
  7138 | Bailey   | Entered a bailey
  7165 | Bailey   | Reached XP level 10. HP: 83/91 MP: 12/12
  7307 | Bailey   | Noticed a vault guard
  7323 | Bailey   | Killed a vault guard
  7324 | Bailey   | Reached skill level 5 in Invocations
  7353 | Bailey   | Noticed Prince Ribbit
  7353 | Bailey   | Noticed a vault guard
  7362 | Bailey   | Killed a vault guard
  7365 | Bailey   | Killed Prince Ribbit
  7556 | D:8      | Reached skill level 10 in Fighting
  7556 | D:8      | Reached skill level 10 in Armour
  7756 | D:8      | Found an ornate altar of the Wu Jian Council.
  7979 | D:9      | Noticed a two-headed ogre
  7985 | D:9      | Killed a two-headed ogre
  7986 | D:9      | Reached skill level 10 in Shields
  8328 | D:9      | Reached XP level 11. HP: 95/100 MP: 14/14
  8341 | D:9      | Reached skill level 10 in Long Blades
  8690 | D:9      | Found a staircase to the Orcish Mines.
  8853 | D:9      | Found a stormy altar of Qazlal.
  9075 | D:10     | Entered Level 10 of the Dungeon
  9347 | D:10     | Found a broken altar of Ashenzari.
 10164 | D:10     | Reached ***** piety under the Shining One
 10438 | D:11     | Noticed a two-headed ogre
 10447 | D:11     | Killed a two-headed ogre
 10597 | D:11     | Found a transporter.
 10608 | D:11     | Noticed Longtemps's ghost (journeyman OpSh)
 10634 | D:11     | Found a transporter.
 10836 | D:11     | Found a staircase to the Lair.
 11108 | D:11     | Found a faded altar of an unknown god.
 11108 | D:11     | Found a hazy altar of Hepliaklqana.
 11108 | D:11     | Found a faded altar of an unknown god.
 11311 | D:12     | Noticed a red ugly thing
 11321 | D:12     | Killed a red ugly thing
 11554 | D:12     | Found a glowing silver altar of Zin.
 11578 | D:12     | Noticed a skeletal warrior
 11578 | D:12     | Noticed a skeletal warrior
 11578 | D:12     | Noticed a skeletal warrior
 11603 | D:12     | Killed a skeletal warrior
 11604 | D:12     | Reached XP level 12. HP: 56/110 MP: 16/16
 13023 | Lair:1   | Entered Level 1 of the Lair of Beasts
 13160 | Lair:1   | You fall into a shaft and drop 1 floor!
 13268 | Lair:2   | Noticed a boulder beetle
 13311 | Lair:2   | Killed a boulder beetle
 13479 | Lair:2   | Noticed a seven-headed hydra
 13491 | Lair:2   | HP: 5/112 [ten-headed hydra (11)]
 13491 | Lair:2   | Slain by a komodo dragon

Illustrated notes

Levels and vault maps discovered:
D:1:      lemuel_arrival_room, layout_basic,
          shapermc_ecumenical_altar_starsandcircs, minmay_pentomino_v4
D:2:      layout_loops_ring, serial_shops, nicolae_lakefront_shop,
          nicolae_shop_window_shopping, nicolae_shop_waterfront,
          nicolae_shop_real_fake_doors, nicolae_shop_stone
D:3:      layout_basic, lemuel_tele_altar, gammafunk_ghost_necromancy,
          nicolae_hexahallways
D:4:      layout_basic, nicolae_ru_sacrificial_ziggurat, amcnicky_altar_gilded,
          grunt_temple_overflow_open
D:5:      layout_basic, uniq_eustachio, uniq_blork_the_orc, uniq_pikel
D:6:      layout_gridville, kennysheep_mini, temple_statues
D:7:      cheibrodos_quashed, layout_basic, mainiacjoe_overflow_24_doors,
          uniq_maurice
D:8:      layout_loops_ring, nzn_wu_jian_council_hall,
          mainiacjoe_overflow_boulevard, serial_rivers,
          chequers_serial_rivers_small_b, chequers_serial_rivers_room_b,
          chequers_serial_rivers_small_a, chequers_serial_rivers_micro_e,
          enter_bailey_3
D:9:      layout_roguey, mainiacjoe_overflow_concentric_impassable,
          david_orc_1_choice, hangedman_decor_growths, minmay_holes
D:10:     layout_basic, cheibrodos_ashenzari_chains
D:11:     layout_loops_ring, due_lair_maze_entry_diamond, gammafunk_ghost_arena,
          serial_glass, glass_columns_a, glass_columns_b,
          nicolae_hepliaklqana_ecumenical_no_more
D:12:     layout_roguey, zin_scriptorium
Lair:1:   layout_regular_city, grunt_forest_large_clearings, grunt_megastairs_4
Lair:2:   layout_small_grid, dummy_snake_entry, lemuel_fruit_tree

Skill      XL: |  1  2  3  4  5  6  7  8  9 10 11 12 |
---------------+-------------------------------------+-----
Armour         | 4 5 7 9 10 11 12 | 12.3
Fighting       | 4 5 7 9 10 11 12 | 12.3
Long Blades    | 3 4 5 6 7 8 9 11 12 | 12.0
Shields        | 4 5 7 9 10 11 12 | 12.2
Invocations    | 2 4 5 7 8 |  8.3

Action                     |  1- 3 |  4- 6 |  7- 9 | 10-12 || total
---------------------------+-------+-------+-------+-------++-------
  Melee: Long sword        |    59 |   146 |       |       ||   205
         Headbutt          |     8 |    33 |    90 |   167 ||   298
         Falchion          |       |     9 |   215 |    67 ||   291
         Scimitar          |       |       |    54 |   450 ||   504
 Invoke: Divine Shield     |       |       |       |     2 ||     2
         Cleansing Flame   |       |       |       |     2 ||     2
  Evoke: Wand              |       |       |     1 |    10 ||    11
    Use: Potion            |       |     2 |       |     2 ||     4
 Armour: Scale mail        |    35 |    98 |   237 |   357 ||   727
         Skin              |       |       |       |     2 ||     2
  Dodge: Dodged            |    19 |    59 |   124 |   147 ||   349
  Block: Buckler           |    12 |    32 |    85 |   150 ||   279
